 Dungeon Crawl Stone Soup version 0.32-a0-43-g058985b245 (webtiles) character file.

Game seed: 1713283977838871482

2268 haplo13 the Cleaver (level 9, -3/74 HPs)
             Began as a Minotaur Gladiator on Feb 4, 2024.
             Was an Initiate of Trog.
             Slain by an orc warrior
             ... wielding a +0 spear
              (10 damage)
             ... in a bailey.
             The game lasted 00:22:46 (6013 turns).

haplo13 the Cleaver (Minotaur Gladiator)            Turns: 6013, Time: 00:22:53

Health: -3/74      AC: 10    Str: 23    XL:     9   Next: 16%
Magic:  8/8        EV: 10    Int:  5    God:    Trog [......]
Gold:   115        SH: 10    Dex: 15    Spells: 8/8 levels left

rFire   . . .        t - +3 trident of Blind Justice {speed, rN+ Dex+3 SInv}
rCold   . . .        v - +1 kite shield {reflect}
rNeg    + . .        d - +0 chain mail
rPois   +            c - +0 hat
rElec   .            B - scarf {+Inv}
rCorr   .            (no gloves)
SInv    +            (no boots)
Will    +....        (no amulet)
Stlth   x              - ring of willpower
HPRegen 0.32/turn    k - ring of poison resistance
MPRegen 0.11/turn

%: reflection
@: no status effects
A: horns 2, retaliatory headbutt
a: Renounce Religion, Evoke Invisibility


You were in a bailey.
You worshipped Trog.
Trog was noncommittal.
You visited 2 branches of the dungeon, and saw 8 of its levels.
You also visited: Bailey.

You collected 263 gold pieces.
You spent 148 gold pieces at shops.

Inventory:

Hand Weapons
 a - a +0 war axe of draining
 t - the +3 trident of Blind Justice (weapon) {speed, rN+ Dex+3 SInv}
   (You found it on level 4 of the Dungeon)

   Dex+3:     It affects your dexterity (+3).
   rN+:       It protects you from negative energy.
   SInv:      It lets you see invisible.
 u - a +3 battleaxe of flaming
Missiles
 e - a javelin
 w - 2 atropa-tipped darts
Armour
 b - a +0 leather armour
 c - a +0 hat (worn)
 d - a +0 chain mail (worn)
 f - a +0 cloak
 v - a +1 kite shield of reflection (worn)
 B - a scarf of invisibility (worn)
Jewellery
 h - a +5 ring of evasion
 k - a ring of poison resistance (right hand)
 x - a ring of willpower (left hand)
 y - a +6 ring of dexterity
Scrolls
 g - 5 scrolls of fear
 l - a scroll of identify
 m - 3 scrolls of teleportation
 p - 2 scrolls of blinking
 q - a scroll of silence
 z - a scroll of immolation
 C - a scroll of amnesia
Potions
 i - a potion of brilliance
 j - a potion of heal wounds {unknown}
 n - a potion of enlightenment {unknown}
 o - a potion of lignification
 r - a potion of berserk rage
 s - a potion of resistance {unknown}
 A - a potion of magic {unknown}
 D - a potion of degeneration {unknown}


   Skills:
 * Level 5.6 Fighting
 - Level 8.0(8.9) Axes
 * Level 5.8(7.8) Polearms
 * Level 4.4 Throwing
 * Level 5.8 Armour
 + Level 5.7 Dodging
 - Level 0.8 Stealth
 * Level 2.9 Shields


You had 8 spell levels left.
You didn't know any spells.
Your spell library contained the following spells:

 Spells                   Type           Power      Damage    Failure   Level
 Blink                    Tloc           0%         N/A       100%        2
 Call Imp                 Summ           0%         N/A       100%        2
 Lesser Beckoning         Tloc           0%         N/A       100%        2
 Momentum Strike          Conj/Tloc      0%         3d8       100%        2
 Sublimation of Blood     Necr           0%         N/A       100%        2
 Gell's Gravitas          Tloc           0%         N/A       100%        3
 Teleport Other           Tloc           0%         N/A       100%        3
 Tukima's Dance           Hex            0%         N/A       100%        3
 Dimensional Bullseye     Hex/Tloc       0%         N/A       100%        4
 Iskenderun's Mystic Bla  Conj/Tloc      0%         2d3       100%        4
 Dispersal                Tloc           0%         N/A       100%        6
 Summon Hydra             Summ           0%         N/A       100%        7
 Chain Lightning          Conj/Air       0%         N/A       100%        9
 Fire Storm               Conj/Fire      0%         5d1       100%        9
 Shatter                  Erth           0%         3d5*      100%        9


Dungeon Overview and Level Annotations

Branches:
Dungeon (7/15)             Temple (1/1) D:6          Bailey (1/1)

Altars:
Ashenzari
Cheibriados
Elyvilon
Fedhas
Gozag
Hepliaklqana
Kikubaaqudgha
Makhleb
Nemelex Xobeh
Okawaru
Qazlal
Ru
Sif Muna
Trog
Vehumet
Wu Jian
Xom
Yredelemnul
Zin

Shops:
D:5 [:[

Annotations:
D:3 3 runed translucent doors, osoart's ghost, amateur OpSu Bailey 2 runed translucent doors


Innate Abilities, Weirdness & Mutations

You have a pair of horns on your head.
You reflexively headbutt those who attack you in melee.


Message History

The orc warrior hits you from afar with a +0 spear.
You hit the orc knight.
The orc knight is heavily wounded.
The orc knight barely misses you. You block the orc warrior's attack.
You barely miss the orc knight. You headbutt the orc knight.
The orc knight is heavily wounded.
You strike the helpless orc knight from behind!
You hit the orc knight but do no damage.
You headbutt the orc knight.
The orc knight is heavily wounded.
You block the orc warrior's attack.
You closely miss the orc knight.
The orc knight is heavily wounded.
The orc warrior hits you from afar with a +0 trident!
The orc knight barely misses you. You furiously retaliate!
You headbutt the orc knight. You block the orc warrior's attack.
You catch the helpless orc knight completely off-guard!
You hit the orc knight but do no damage.
The orc knight is severely wounded.
The orc warrior hits you from afar with a +0 trident!
The orc knight hits you with a +0 glaive.
The orc warrior hits you from afar with a +0 spear!
* * * LOW HITPOINT WARNING * * *
You strike the helpless orc knight from behind!
You hit the orc knight.
The orc knight is severely wounded.
You hit the orc knight.
The orc knight is severely wounded.
The orc knight is no longer blind.
The orc warrior hits you but does no damage.
The orc knight hits you with a +0 glaive.
* * * LOW HITPOINT WARNING * * *
You block the orc warrior's attack.
You puncture the orc knight!
The orc knight is severely wounded.
The orc warrior hits you from afar with a +0 trident!
* * * LOW HITPOINT WARNING * * *
You block the orc knight's attack.
The orc warrior hits you from afar with a +0 spear!
You die...

### ### ##.$ ...o .(..
8..o ...# ##++# #oo#
#....##oo# ......#)o#
#.e#@.# #..#..# #
$[)[$}#..# #. #???!##..#
#..########..#
##...8....8...##
###......).......#
##.#..####''####..#♣♣♣♣#
#..####....)...####..≈≈#


You could see an orc knight, a deep elf pyromancer, 2 orc warriors and 2 orcs.

Vanquished Creatures
  A two-headed ogre (D:4)
  Grinder (D:3)
  A water moccasin (D:5)
  2 orc warriors (Bailey)
  2 centaurs (D:6)
  An ogre (D:6)
  2 phantoms
  A bullfrog (D:7)
  A scorpion (D:4)
  A bombardier beetle (D:5)
  A hound (D:7)
  A jelly (D:5)
  An orc priest (D:4)
  A gnoll bouda (D:5)
  3 sleepcaps
  5 iguanas
  An orc wizard (D:4)
  Terence (D:3)
  7 gnolls
  8 adders
  A white imp (D:7)
  2 ufetubi (D:5)
  3 ribbon worms
  2 dart slugs
  13 orcs
  8 ball pythons
  6 endoplasms
  5 giant cockroaches
  11 goblins
  5 hobgoblins
  4 jackals (D:2)
  4 quokkas
  3 bats (D:1)
  4 frilled lizards
  8 kobolds
  4 rats
125 creatures vanquished.

Notes
Turn   | Place    | Note
-------+----------+-------------------------------------------
     0 | D:1      | haplo13 the Minotaur Gladiator began the quest for the Orb.
     0 | D:1      | Reached XP level 1. HP: 18/18 MP: 0/0
   207 | D:1      | Reached skill level 4 in Axes
   271 | D:1      | Reached XP level 2. HP: 25/25 MP: 1/1
   475 | D:1      | Reached skill level 1 in Armour
   891 | D:2      | Reached XP level 3. HP: 30/30 MP: 2/2
  1369 | D:3      | Reached XP level 4. HP: 36/37 MP: 3/3
  1428 | D:3      | Noticed Grinder
  1436 | D:3      | Paralysed by Grinder for 2 turns
  1447 | D:3      | Paralysed by Grinder for 5 turns
  1457 | D:3      | Paralysed by Grinder for 4 turns
  1471 | D:3      | Paralysed by Grinder for 5 turns
  1477 | D:3      | Killed Grinder
  1478 | D:3      | Reached skill level 5 in Axes
  1478 | D:3      | Reached XP level 5. HP: 27/45 MP: 4/4
  1686 | D:3      | Found a runed translucent gate.
  1686 | D:3      | Found a runed translucent gate.
  1686 | D:3      | Found a runed translucent gate.
  1687 | D:3      | Found an opulent altar of Gozag.
  1690 | D:3      | Noticed osoart's ghost (amateur OpSu)
  1795 | D:3      | Found a blossoming altar of Fedhas.
  1803 | D:3      | Noticed Terence
  1816 | D:3      | Killed Terence
  1817 | D:3      | Reached XP level 6. HP: 28/51 MP: 5/5
  2009 | D:3      | Reached skill level 6 in Axes
  2010 | D:3      | HP: 1/51 [gnoll/+0 flail (7)]
  2297 | D:4      | Noticed a two-headed ogre
  2310 | D:4      | Killed a two-headed ogre
  2311 | D:4      | Reached skill level 7 in Axes
  2311 | D:4      | Reached skill level 5 in Dodging
  2311 | D:4      | Reached XP level 7. HP: 59/60 MP: 6/6
  2478 | D:4      | Reached skill level 8 in Axes
  2669 | D:4      | Reached XP level 8. HP: 50/67 MP: 7/7
  2767 | D:4      | Identified the +3 trident of Blind Justice {speed, rN+
                  | Dex+3 SInv}
  2820 | D:4      | Reached skill level 1 in Polearms
  3322 | D:5      | Entered Level 5 of the Dungeon
  3333 | D:5      | Found Acajam's Armour Boutique.
  3341 | D:5      | Bought a +1 kite shield of reflection for 148 gold pieces
  3416 | D:5      | Reached skill level 5 in Armour
  3428 | D:5      | Found a shimmering blue altar of Sif Muna.
  3595 | D:5      | Found Ygreymna's Book Emporium.
  3644 | D:5      | Reached skill level 1 in Shields
  3746 | D:5      | Reached skill level 5 in Fighting
  4122 | D:5      | Found Olaff's Armour Boutique.
  4571 | D:6      | Found a staircase to the Ecumenical Temple.
  4588 | Temple   | Entered the Ecumenical Temple
  4705 | Temple   | Became a worshipper of Trog the Wrathful
  4904 | D:6      | Found a glowing silver altar of Zin.
  5272 | D:6      | Reached skill level 5 in Polearms
  5272 | D:6      | Reached XP level 9. HP: 47/74 MP: 8/8
  5629 | D:7      | Found a flagged portal.
  5650 | Bailey   | Entered a bailey
  5995 | Bailey   | Found a large runed translucent door.
  5995 | Bailey   | Found a large runed translucent door.
  5995 | Bailey   | Noticed an orc knight
  5996 | Bailey   | Noticed a deep elf pyromancer
  6013 | Bailey   | Slain by an orc warrior

Illustrated notes

Levels and vault maps discovered:
D:1:      roderic_octagonal_star, layout_basic
D:2:      layout_loops_cross
D:3:      layout_rooms, lemuel_crystal_altar, ebering_ghost_gozag,
          dreamdust_princess_bridge, nicolae_titane, uniq_terence, uniq_grinder
D:4:      layout_loops_ring, serial_rivers, chequers_serial_rivers_room_a,
          chequers_serial_rivers_small_3, chequers_serial_rivers_micro_c,
          chequers_serial_rivers_micro_a, chequers_serial_rivers_small_a,
          chequers_serial_rivers_small_b
D:5:      layout_loops_ring, mainiacjoe_overflow_surrounded_room, serial_shops,
          nicolae_inconvenience_store, nicolae_shop_gibbet_a_chance,
          nicolae_shop_peninsula
D:6:      layout_cave_pods, lemuel_tele_altar, minmay_temple_entry_tees,
          nicolae_figureground_sparkle
D:7:      layout_rooms, serial_shops, shop, enter_bailey_3,
          kennysheep_generic_room_11, uniq_pikel
Temple:   regret_index_temple_sphere_string
Bailey:   bailey_polearm_elven_captive_hellmonk, bailey

Skill      XL: |  1  2  3  4  5  6  7  8 |
---------------+-------------------------+-----
Axes           | 4 5 7 8 |  8.0
Armour         | 1 2 4 5 |  5.8
Dodging        | 4 5 |  5.7
Fighting       | 3 4 5 |  5.6
Throwing       | 3 4 |  4.4
Polearms       | 5 |  5.8
Shields        | 2 |  2.9
Stealth        | |  0.8

Action                     |  1- 3 |  4- 6 |  7- 9 || total
---------------------------+-------+-------+-------++-------
  Melee: War axe           |    89 |    64 |    17 ||   170
         Headbutt          |    14 |     5 |    32 ||    51
         Trident           |       |       |   190 ||   190
  Throw: Throwing net      |       |     6 |     1 ||     7
         Javelin           |       |     1 |       ||     1
         Dart              |       |       |     5 ||     5
    Use: Scroll            |     6 |     1 |     5 ||    12
         Potion            |       |     2 |       ||     2
   Stab: Held in net/web   |       |     1 |     1 ||     2
         Sleeping          |       |       |     1 ||     1
         Invisible         |       |       |     3 ||     3
 Armour: Leather armour    |    60 |    32 |    77 ||   169
         Chain mail        |       |       |    12 ||    12
  Dodge: Dodged            |    50 |    36 |    80 ||   166
  Block: Kite shield       |       |       |    70 ||    70
         Reflection        |       |       |     3 ||     3

Table legend: (Time is in decaauts)
 A = Elapsed time spent in this place.
 B = Non-inter-level travel time spent in this place.
 C = Inter-level travel time spent in this place.
 D = Time resting spent in this place.
 E = Time spent auto-exploring this place.
 F = Levels seen in this place.
 G = Mean time per level.
                   A        B        C        D        E       F      G
               +--------+--------+--------+--------+--------+-----+--------+
         Total |   6014 |   5783 |    231 |    579 |   3278 |   9 |  668.2 |
       Dungeon |   5519 |   5313 |    206 |    415 |   3278 |   7 |  788.4 |
        Temple |    142 |    117 |     25 |      0 |      0 |   1 |  142.0 |
        Bailey |    352 |    352 |      0 |    164 |      0 |   1 |  352.0 |
               +--------+--------+--------+--------+--------+-----+--------+

Top non-repeatable levels by time:
     D:5: 1124 daAuts
     D:4: 1029 daAuts
     D:3: 954 daAuts
     D:6: 882 daAuts
     D:1: 751 daAuts
     D:2: 625 daAuts
  Bailey: 352 daAuts
     D:7: 152 daAuts
  Temple: 142 daAuts
